 Dungeon Crawl Stone Soup version 0.21-a0-401-g0b6bec4 (webtiles) character file.

45 Mitsuki the Magician (level 3, 0/24 HPs)
             Began as a Demonspawn Wizard on Oct 25, 2017.
             Slain by a giant cockroach (2 damage)
             ... on level 1 of the Dungeon.
             The game lasted 00:02:31 (1676 turns).

Mitsuki the Magician (Demonspawn Wizard)            Turns: 1676, Time: 00:02:31

Health: 0/24       AC:  3    Str:  7    XL:     3   Next: 42%
Magic:  0/8        EV: 12    Int: 20    God:
Gold:   29         SH:  0    Dex: 11    Spells: 0/9 levels left

rFire    . . .     SeeInvis .   f - +0 dagger
rCold    . . .     Gourm    .   (no shield)
rNeg     . . .     Faith    .   a - +0 robe
rPois    .         Spirit   .   k - +0 helmet
rElec    .         Reflect  .   i - scarf {repulsion}
rCorr    .         Harm     .   (no gloves)
MR       .....                  (no boots)
Stlth    ++........             (no amulet)
HPRegen  0.08/turn              (no ring)
MPRegen  0.11/turn              (no ring)

@: repel missiles
A: demonic guardian 1
a: no special abilities


You were on level 1 of the Dungeon.
You were very hungry.

You visited 1 branch of the dungeon, and saw 2 of its levels.

You collected 29 gold pieces.

Inventory:

Hand Weapons
 f - a +0 dagger (weapon)
Armour
 a - a +0 robe (worn)
 i - a scarf of repulsion (worn)
 k - a +0 helmet (worn)
Potions
 e - 2 potions of curing {unknown}
 g - a potion of brilliance {unknown}
 j - 2 potions of heal wounds {unknown}
Books
 c - a book of Minor Magic

   Spells                             Type                      Level
   a - Magic Dart                     Conjuration                  1
   b - Blink                          Translocation                2
   c - Call Imp                       Summoning                    2
   d - Slow                           Hexes                        2
   e - Conjure Flame                  Conjuration/Fire             3
   f - Mephitic Cloud                 Conjuration/Poison/Air       3
Comestibles
 d - 3 bread rations


   Skills:
 - Level 1.7 Dodging
 - Level 1.7 Stealth
 + Level 3.7 Spellcasting
 + Level 2.4 Conjurations
   Level 1.0 Summonings
 - Level 0.8 Translocations


You couldn't memorise any spells.
You knew the following spells:

 Your Spells              Type           Power        Failure   Level  Hunger
a - Magic Dart            Conj           ##..         4%          1    None
b - Blink                 Tloc           N/A          14%         2    ##.....
c - Conjure Flame         Conj/Fire      #.......     24%         3    ###....
d - Mephitic Cloud        Conj/Pois/Air  #.......     28%         3    ###....


Dungeon Overview and Level Annotations

Branches:
Dungeon (2/15)

Altars:


Innate Abilities, Weirdness & Mutations

A weak demonic guardian rushes to your aid.


Message History

* * * LOW HITPOINT WARNING * * *
The giant cockroach bites you.
* * * LOW HITPOINT WARNING * * *
You take 5 damage, and have 3/24 hp.
MASSIVE DAMAGE!!
You hit the giant cockroach but do no damage.
The giant cockroach is heavily wounded.
The jackal bites you.
* * * LOW HITPOINT WARNING * * *
The giant cockroach closely misses you. The jackal closely misses you.
You take 1 damage, and have 2/24 hp.
Casting: Magic Dart
Confirm with . or Enter, or press ? or * to list all spells.
Aiming: Magic Dart
Press: ? - help, Shift-Dir - straight line, f/p - giant cockroach
Aim: a giant cockroach (heavily wounded, clinging)
The magic dart hits the giant cockroach.
The giant cockroach is almost dead.
* * * LOW MAGIC WARNING * * *
The giant cockroach bites you.
You die...

#........#.#.#
#.###.####.#.# #.#
#......#.#
###.##########.#####
................>..#
.##.#####..#.#.#†#.#
.##..........#...#.#
.###########.#.#h#.#
.# #.(.....#.#@#.#
.# #.#.....#.s.#.#
.# #.#.##.######.#
.# #.#.#..)......#
.# #.#.#..########
.# #.#...........#
.# #.###########.#
.# #...........#.#
.# ###########.#.#


You could see a jackal and a giant cockroach.

Vanquished Creatures
  An adder (D:1)
  A gnoll (D:1)
  2 dart slugs (D:1)
  2 leopard geckos (D:1)
  A ball python (D:1)
  3 giant cockroaches (D:1)
  5 jackals (D:1)
  A kobold (D:1)
  A frilled lizard (D:1)
  2 goblins (D:1)
  A rat (D:1)
20 creatures vanquished.

Notes
Turn   | Place    | Note
-------+----------+-------------------------------------------
     0 | D:1      | Mitsuki the Demonspawn Wizard began the quest for the Orb.
     0 | D:1      | Reached XP level 1. HP: 13/13 MP: 4/4
   356 | D:1      | Gained mutation: A weak demonic guardian rushes to your aid. [demonic ancestry]
   356 | D:1      | Reached XP level 2. HP: 10/19 MP: 1/6
  1284 | D:1      | Learned a level 2 spell: Blink
  1307 | D:1      | Reached XP level 3. HP: 15/24 MP: 1/8
  1316 | D:1      | Learned a level 3 spell: Conjure Flame
  1320 | D:1      | Learned a level 3 spell: Mephitic Cloud
  1676 | D:1      | Slain by a giant cockroach

Vault maps used:
D:1:      co_arrival_square_in_a_square_in_a_square

Skill      XL: |  1  2 |
---------------+-------+-----
Conjurations   | 2 |  2.4
Dodging        | |  1.7
Stealth        | |  1.7
Spellcasting   | |  3.7
Summonings     | |  1.0
Translocations | |  0.8

Action                   || total
-------------------------++-------
Melee: Unarmed           ||     9
       Dagger            ||    31
 Cast: Magic Dart        ||    56
  Eat: Chunk             ||     1
Armor: Robe              ||    16
Dodge: Dodged            ||    65

Table legend:
 A = Spawn XP
 B = Non-spawn XP
 C = Spawn XP percentage of total XP
 D = Spawn monster count
 E = Non-spawn monster count
 F = Spawn count percentage of total count
 G = Total turns spent on level
                    A         B        C        D         E        F      G
               +---------+---------+-------+---------+---------+-------+---------
         Total |       0 |      65 |   0.0 |       0 |      20 |   0.0 |  1676
               +---------+---------+-------+---------+---------+-------+---------
           D:1 |       0 |      65 |   0.0 |       0 |      20 |   0.0 |  1669
               +---------+---------+-------+---------+---------+-------+---------
